 Dungeon Crawl Stone Soup version 0.32-a0-12-g7fc57aa741 (webtiles) character file.

Game seed: 9054010756164593421

122743 jasper the Nimble (level 16, -7/86 HPs)
             Began as a Spriggan Alchemist on Jan 14, 2024.
             Was the Champion of Sif Muna.
             Killed from afar by a shock serpent (11 damage)
             ... with a bolt of electricity
             ... on level 1 of the Snake Pit.
             The game lasted 01:18:00 (29690 turns).

jasper the Nimble (Spriggan Alchemist)             Turns: 29690, Time: 01:18:00

Health: -7/86      AC: 14    Str:  4    XL:     16   Next: 35%
Magic:  9/35       EV: 26    Int: 24    God:    Sif Muna [******]
Gold:   1304       SH:  9    Dex: 16    Spells: 10/43 levels left

rFire   + . .        c - +3 long sword (vamp)
rCold   + . .        x - +3 buckler {AC+3}
rNeg    + . .        a - +2 robe {rN+}
rPois   +            (helmet restricted)
rElec   +            y - +2 cloak
rCorr   +            (gloves unavailable)
SInv    +            (boots unavailable)
Will    ++...        h - amulet of magic regeneration
Stlth   ++++         k - +4 ring of protection
HPRegen 0.34/turn    z - ring of poison resistance
MPRegen 0.64/turn

%: no passive effects
@: resistant, very quick
A: very small, no large weapons, unfitting armour, see invisible, speed 3
a: Renounce Religion, Channel Magic, Forget Spell, Divine Exegesis


You were on level 1 of the Snake Pit.
You worshipped Sif Muna.
Sif Muna was exalted by your worship.
You visited 4 branches of the dungeon, and saw 23 of its levels.
You also visited: Sewer, Ossuary and Gauntlet.

You collected 4078 gold pieces.
You spent 2774 gold pieces at shops.

Inventory:

Hand Weapons
 c - a +3 vampiric long sword (weapon)
Missiles
 H - 4 throwing nets
 R - 3 curare-tipped darts
Armour
 a - a +2 robe of positive energy (worn)
 o - the +0 robe of a treasure trove {rElec Str+8}
   (You bought it in a shop on level 2 of the Orcish Mines)

   Str+8:     It affects your strength (+8).
   rElec:     It insulates you from electricity.
 x - a +3 buckler of protection (worn)
 y - a +2 cloak (worn)
Jewellery
 g - a ring of protection from fire
 h - an amulet of magic regeneration (around neck)
 k - a +4 ring of protection (left hand)
 z - a ring of poison resistance (right hand)
 F - a +5 ring of evasion
 G - a ring of protection from fire
 M - a ring of magical power
 N - a ring of fire
 T - a ring of resist corrosion
Wands
 p - a wand of acid (31)
 B - a wand of iceblast (19)
 C - a wand of paralysis (15)
 P - a wand of digging (7)
 Q - a wand of mindburst (12)
Scrolls
 l - 5 scrolls of teleportation
 q - a scroll of immolation
 t - 5 scrolls of revelation
 u - 2 scrolls of poison
 A - 5 scrolls of fear
 D - 3 scrolls of vulnerability
 K - a scroll of brand weapon
 S - 2 scrolls of torment
 U - a scroll of enchant weapon
 V - a scroll of summoning
 W - 4 scrolls of fog
 Z - 2 scrolls of identify
Potions
 b - a potion of magic
 d - 4 potions of haste
 e - 8 potions of curing
 i - 4 potions of might
 m - 4 potions of berserk rage
 n - 4 potions of enlightenment
 r - 5 potions of mutation
 s - 4 potions of lignification
 v - 2 potions of invisibility
 w - 2 potions of cancellation
 E - a potion of ambrosia
 I - 3 potions of brilliance
Miscellaneous
 f - a phantom mirror
 L - a sack of spiders
 X - a lightning rod (4/4)
 Y - a tin of tremorstones (2/2)


   Skills:
 + Level 10.6 Fighting
 - Level 14.3 Dodging
 - Level 7.9 Stealth
 - Level 6.0 Shields
 - Level 14.0 Spellcasting
 + Level 6.1 Conjurations
 - Level 8.0 Hexes
 - Level 6.0 Summonings
 - Level 2.0 Translocations
 - Level 2.0 Fire Magic
 - Level 5.0 Ice Magic
 - Level 8.0 Air Magic
 * Level 11.3 Alchemy
 - Level 7.0 Invocations
 - Level 5.0 Evocations


You had 10 spell levels left.
You knew the following spells:

 Your Spells              Type           Power      Damage    Failure   Level
a - Sting                 Conj/Alch      100%       1d9       1%          1
b - Mephitic Cloud        Conj/Alch/Air  55%        N/A       1%          3
c - Olgreb's Toxic Radia  Alch           63%        N/A       1%          4
e - Blink                 Tloc           52%        N/A       4%          2
f - Yara's Violent Unrav  Hex/Alch       29%        3d12      3%          5
g - Freezing Cloud        Conj/Ice/Air   23%        6-21      12%         5
h - Summon Lightning Spi  Summ/Air       50%        N/A       3%          4
i - Summon Mana Viper     Hex/Summ       50%        N/A       10%         5
j - Fulminant Prism       Conj/Alch      28%        3d14      1%          4

Your spell library contained the following spells:

 Spells                   Type           Power      Damage    Failure   Level
 Foxfire                  Conj/Fire      100%       2x1d9     1%          1
 Kiss of Death            Conj/Necr      100%       2d13      1%          1
 Magic Dart               Conj           100%       1d8       1%          1
 Shock                    Conj/Air       100%       1d9       1%          1
 Slow                     Hex            100%       N/A       1%          1
 Summon Small Mammal      Summ           100%       N/A       1%          1
 Call Imp                 Summ           90%        N/A       1%          2
 Cigotuvi's Dreadful Rot  Necr/Alch/Air  94%        N/A       1%          2
 Ensorcelled Hibernation  Hex/Ice        96%        N/A       1%          2
 Mercury Vapours          Alch/Air       100%       N/A       1%          2
 Call Canine Familiar     Summ           45%        N/A       1%          3
 Confusing Touch          Hex            53%        N/A       1%          3
 Dazzling Flash           Conj/Hex       100%       N/A       1%          3
 Hailstorm                Conj/Ice       43%        3d9       1%          3
 Sigil of Binding         Hex            53%        N/A       1%          3
 Summon Ice Beast         Ice/Summ       43%        N/A       1%          3
 Swiftness                Air            53%        N/A       1%          3
 Tukima's Dance           Hex            53%        N/A       1%          3
 Alistair's Intoxication  Alch           42%        N/A       1%          5
 Apportation              Tloc           52%        N/A       2%          1
 Frozen Ramparts          Ice            80%        1d13      2%          3
 Inner Flame              Hex/Fire       40%        N/A       2%          3
 Ozocubu's Armour         Ice            40%        N/A       2%          3
 Airstrike                Air            26%        2d(4-20)  2%          4
 Cause Fear               Hex            26%        N/A       2%          4
 Sticky Flame             Fire/Alch      48%        2d9       3%          4
 Irradiate                Conj/Alch      28%        3d21      4%          5
 Necrotise                Necr           64%        1d7       6%          1
 Sandblast                Erth           32%        2d9       6%          1
 Leda's Liquefaction      Alch/Erth      22%        N/A       6%          4
 Petrify                  Alch/Erth      44%        N/A       6%          4
 Silence                  Hex/Air        26%        N/A       6%          5
 Gell's Gravitas          Tloc           26%        N/A       8%          3
 Teleport Other           Tloc           26%        N/A       8%          3
 Volatile Blastmotes      Fire/Tloc      52%        2d14      8%          3
 Dimensional Bullseye     Hex/Tloc       20%        N/A       8%          4
 Vhi's Electric Charge    Tloc/Air       80%        N/A       8%          4
 Eringya's Noxious Bog    Alch           31%        4d6       9%          6
 Arcjolt                  Conj/Air       25%        1d35      10%         5
 Anguish                  Hex/Necr       18%        N/A       12%         4
 Iskenderun's Mystic Bla  Conj/Tloc      36%        2d9       12%         4
 Summon Blazeheart Golem  Fire/Summ      36%        N/A       12%         4
 Animate Armour           Summ/Erth      62%        N/A       17%         4
 Fugue of the Fallen      Necr           16%        N/A       19%         3
 Passwall                 Erth           16%        N/A       19%         3
 Manifold Assault         Tloc           26%        N/A       26%         4
 Passage of Golubria      Tloc           26%        N/A       26%         4
 Summon Forest            Summ/Tloc      18%        N/A       32%         5
 Sculpt Simulacrum        Ice/Alch       27%        N/A       32%         6
 Summon Cactus Giant      Summ           22%        N/A       61%         6
 Borgnjor's Vile Clutch   Necr/Erth      8%         N/A       86%         5
 Curse of Agony           Necr           16%        N/A       86%         5
 Lee's Rapid Deconstruct  Erth           8%         3d7*      86%         5
 Starburst                Conj/Fire      18%        6d7       87%         6
 Summon Hydra             Summ           22%        N/A       99%         7
 Ignition                 Fire           13%        3d6       100%        8
 Lehudib's Crystal Spear  Conj/Erth      15%        10d5      100%        8
 Maxwell's Capacitive Co  Air            26%        ∞         100%        8


Dungeon Overview and Level Annotations

Branches:
Dungeon (15/15)            Temple (0/1) D:4            Lair (5/5) D:9
 Shoals (0/4) Lair:2        Snake (1/4) Lair:2        Slime (0/5) Lair:5
    Orc (2/2) D:12            Elf (0/3) Orc:2        Vaults (0/5) D:13
 Depths (0/4) D:15          Sewer (visited)         Ossuary (visited)
Gauntlet (visited)

Altars:
Ashenzari
Cheibriados
Fedhas
Hepliaklqana
Ru
Sif Muna
Trog
Uskayaw
Vehumet
Xom
Yredelemnul
Zin
Lugonu

Shops:
Orc:1 ::   Orc:2 *[(

Portals:
Abyss: Lair:5

Annotations:
D:4 1 runed translucent door, Patrick2011b's ghost, amateur GrFi
D:5 2 transporters, voltaire321's ghost, amateur OpEE


Innate Abilities, Weirdness & Mutations

You are very small and have problems with some larger weapons.
You are too small for most types of armour.
You have supernaturally acute eyesight. (SInv)
You cover ground extremely quickly. (Speed+++)


Message History

The shock serpent misses you. You block the black mamba's attack.
Your mana viper is engulfed in freezing vapours.
Your mana viper bites the shock serpent!
The shock serpent's electric aura discharges, shocking your mana viper!
The shock serpent shoots out a bolt of lightning at you!
The bolt of electricity hits you! You resist.
* * * LOW HITPOINT WARNING * * *
You take 8 damage, and have 8/86 hp.
You slash the shock serpent!
You feel better.
The shock serpent is almost dead.
The shock serpent's electric aura discharges, shocking you!
You resist.
* * * LOW HITPOINT WARNING * * *
The shock serpent barely misses you. The black mamba bites your mana viper!
Your mana viper is engulfed in freezing vapours.
Your mana viper seems to slow down.
You kill your mana viper!
Your mana viper disappears in a puff of smoke!
A mana viper comes into view.
You block the shock serpent's attack.
You regained 5 hp, and now have 13/86 hp.
The black mamba attacks as it pursues you!
The black mamba bites you.
* * * LOW HITPOINT WARNING * * *
You are lethally poisoned!
The black mamba poisons you!
You take 4 damage, and have 9/86 hp.
* * * LOW HITPOINT WARNING * * *
You feel very sick.
The black mamba attacks as it pursues you!
The black mamba bites you but does no damage.
You take 3 damage, and have 6/86 hp.
You feel better.
The black mamba is no longer moving slowly.
The mana viper completely misses you.
The shock serpent shoots out a bolt of lightning at you!
The bolt of electricity hits you! You resist.
* * * LOW HITPOINT WARNING * * *
The bolt of electricity hits you! You resist.
You die...

#...... ...
#...... ...
##...... ^...
##### #.......
.....#...####
#.......
.....#......#
#.......
.....)..[.###
##......
.....#SSS.#)# .
###....
...#.##@###.#..#
#.##### =. #
#.....#..#
#.....# .
###..##..#
#......
#...#...###......
#................
##....#######....
#.......#####..#
#..........###..
#.#..#...#..###.


You could see a shock serpent, a mana viper and a black mamba.

Vanquished Creatures
  An orc warlord (Orc:2)
  A hydra (Lair:4)
  An ice dragon (D:15)
  3 catoblepae
  A vault guard (D:13)
  3 anacondas (Snake:1)
  4 ogre magi (Orc:2)
  3 boulder beetles
  4 centaur warriors
  A tengu warrior (D:14)
  5 two-headed ogres
  8 death yaks
  2 thrashing horrors (Lair:5)
  A naga sharpshooter (Snake:1)
  2 shock serpents (Snake:1)
  Sonja (Lair:4)
  4 skeletal warriors
  2 arcanists
  3 mana vipers (Snake:1)
  A lindwurm (Lair:5)
  A necromancer (Gauntlet)
  3 orc knights (Orc:2)
  A naga ritualist (Snake:1)
  12 ugly things
  A wolf spider (D:15)
  5 cyclopes
  2 manticores
  Maurice (D:10)
  6 elephants (Lair:1)
  A salamander (Snake:1)
  3 gargoyles
  2 kobold blastminers (Orc:1)
  A smoke demon (Lair:5)
  7 black mambas
  An eye of devastation (Gauntlet)
  8 cane toads
  2 naga magi (Snake:1)
  3 kobold demonologists
  An unseen horror (D:12)
  3 orange demons (D:13)
  3 unseen horror zombies (D:9)
  A rime drake (Lair:5)
  6 komodo dragons
  A queen bee (D:10)
  2 red devils (D:13)
  3 trolls
  3 polar bears
  A hornet (D:8)
  A glass eye (Gauntlet)
  A raiju (Lair:5)
  30 blink frogs
  4 slime creatures (D:14)
  4 dream sheep (Lair:4)
  A spriggan (Lair:2)
  A centaur simulacrum (D:14)
  A water elemental (D:13)
  A vampire (D:11)
  68 yaks
  6 small abominations (Lair:5)
  5 wyverns
  A wyvern (shapeshifter) (Lair:5)
  A hog (shapeshifter) (D:14)
  8 basilisks
  10 wargs (Orc:2)
  2 vampire mosquitoes
  3 chaos spawn (Lair:5)
  2 steam dragons
  3 swamp worms (Lair:3)
  An acid dragon (D:10)
  Duvessa (D:4)
  20 water moccasins
  7 nagas (Snake:1)
  4 black bears
  An ice beast (D:8)
  23 orc warriors
  14 ogres
  A crocodile (Sewer)
  10 wolves
  14 centaurs
  2 weeping skulls (Ossuary)
  A phantom (D:6)
  4 kobold brigands
  11 bullfrogs
  5 gnoll sergeants
  5 scorpions
  A wyvern zombie (D:9)
  10 wights
  Dowan (D:4)
  34 killer bees
  4 electric eels
  3 centaur zombies (D:9)
  2 hounds
  3 jellies
  13 orc priests
  3 bombardier beetles
  An iguana (D:6)
  11 orc wizards
  A killer bee zombie (D:9)
  A mummy (Ossuary)
  Robin (D:4)
  2 howler monkey zombies (D:9)
  25 gnolls
  4 adders (D:2)
  A white imp (D:6)
  2 ufetubi (D:7)
  2 dart slugs (D:4)
  3 ribbon worms
  85 orcs
  4 bats
  16 endoplasms
  6 giant cockroaches
  6 gnoll zombies (Ossuary)
  17 goblins
  12 hobgoblins
  12 jackals
  5 quokkas
  9 ball pythons
  4 frilled lizards
  23 kobolds
  A kobold zombie (Ossuary)
  An orc zombie (Ossuary)
  5 rats
  A fulminant prism (D:14)
747 creatures vanquished.

Vanquished Creatures (collateral kills)
  An ettin (Orc:1)
  An ice dragon (D:15)
  4 hydras
  A boulder beetle (D:14)
  A centaur warrior (D:14)
  2 two-headed ogres (Orc:2)
  A death yak (Lair:4)
  A thrashing horror (Lair:5)
  A tengu warrior (D:13)
  7 skeletal warriors
  2 skysharks (Lair:4)
  Lodul (D:14)
  A mana viper (Snake:1)
  A deep elf pyromancer (D:13)
  3 orc knights (Orc:2)
  2 large abominations (Lair:5)
  A cyclops (D:13)
  A salamander (Snake:1)
  3 black mambas
  2 orange demons (D:13)
  4 molten gargoyles (D:13)
  8 cane toads
  2 smoke demons (Lair:5)
  A komodo dragon (Lair:3)
  A gargoyle (D:12)
  A nameless horror (D:13)
  An efreet (D:13)
  A tengu conjurer (D:14)
  4 polar bears
  A glass eye (Gauntlet)
  6 blink frogs
  3 wyverns
  A water elemental (D:13)
  5 yaks
  A slime creature (D:14)
  A shadow (D:13)
  2 basilisks
  4 vampire mosquitoes
  A warg (Orc:2)
  2 nagas (Snake:1)
  9 water moccasins
  3 orc warriors (Orc:2)
  4 small abominations (Lair:5)
  2 ogres (Orc:2)
  A wolf (Lair:2)
  A centaur (D:15)
  An electric eel (D:13)
  An orc priest (Orc:2)
  2 mummies (Ossuary)
  3 orcs (Orc:2)
  An endoplasm (Lair:5)
115 creatures vanquished.

Vanquished Creatures (others)
  56 fulminant prisms
56 creatures vanquished.

Grand Total: 918 creatures vanquished

Notes
Turn   | Place    | Note
-------+----------+-------------------------------------------
     0 | D:1      | jasper the Spriggan Alchemist began the quest for the Orb.
     0 | D:1      | Reached XP level 1. HP: 9/9 MP: 5/5
   191 | D:1      | Reached XP level 2. HP: 13/13 MP: 1/6
   408 | D:1      | Found a faded altar of an unknown god.
   465 | D:1      | Reached skill level 5 in Stealth
   606 | D:1      | Reached XP level 3. HP: 16/16 MP: 5/8
   719 | D:1      | Learned a level 3 spell: Mephitic Cloud
  1300 | D:2      | You fall into a shaft and drop 2 floors!
  1310 | D:4      | Found a staircase to the Ecumenical Temple.
  1310 | D:4      | Noticed Robin
  1534 | D:2      | Reached XP level 4. HP: 21/21 MP: 6/9
  1562 | D:2      | Found a shimmering blue altar of Sif Muna.
  1570 | D:2      | Became a worshipper of Sif Muna the Loreminder
  1699 | D:2      | Learned a level 4 spell: Olgreb's Toxic Radiance
  2031 | D:3      | Found a radiant altar of Vehumet.
  2079 | D:3      | Reached * piety under Sif Muna
  2499 | D:4      | Noticed Duvessa
  2499 | D:4      | Noticed Dowan
  2534 | D:4      | Found a runed translucent door.
  2535 | D:4      | Noticed Patrick2011b's ghost (amateur GrFi)
  2653 | D:5      | Entered Level 5 of the Dungeon
  2757 | D:5      | Reached XP level 5. HP: 24/24 MP: 8/10
  2831 | D:5      | Reached skill level 5 in Alchemy
  2855 | D:5      | Noticed a two-headed ogre
  2874 | D:5      | Killed a two-headed ogre
  2875 | D:5      | Reached XP level 6. HP: 28/28 MP: 9/11
  2875 | D:5      | Reached XP level 7. HP: 32/32 MP: 9/12
  2933 | D:5      | Learned a level 4 spell: Sticky Flame
  3001 | D:5      | Reached skill level 1 in Fire Magic
  3008 | D:5      | Reached XP level 8. HP: 34/36 MP: 6/13
  3070 | D:5      | Found a transporter.
  3071 | D:5      | Found a transporter.
  3071 | D:5      | Noticed voltaire321's ghost (amateur OpEE)
  3172 | D:5      | Reached skill level 1 in Invocations
  3303 | D:5      | Reached skill level 1 in Fighting
  3387 | D:5      | Found a sand-covered staircase.
  3416 | Ossuary  | Entered an ossuary
  3621 | Ossuary  | Reached ** piety under Sif Muna
  3782 | Ossuary  | Identified a scroll of acquirement
  3782 | Ossuary  | Acquired 846 gold pieces
  4051 | D:4      | Killed Robin
  4131 | D:4      | Reached skill level 5 in Dodging
  4545 | D:4      | Killed Dowan
  4628 | D:4      | Killed Duvessa
  4934 | D:6      | Found a hazy altar of Hepliaklqana.
  4947 | D:6      | Reached skill level 5 in Invocations
  4947 | D:6      | Reached XP level 9. HP: 43/43 MP: 10/14
  5006 | D:6      | Reached *** piety under Sif Muna
  5219 | D:6      | Got the Quarto of Flamy Curses
  5335 | D:6      | Found a glowing drain.
  5344 | Sewer    | Entered a sewer
  5660 | D:7      | Found a shimmering altar of Xom.
  5661 | D:7      | Found a glowing silver altar of Zin.
  5668 | D:7      | Found a blossoming altar of Fedhas.
  5670 | D:7      | Found a broken altar of Ashenzari.
  5797 | D:7      | Learned a level 2 spell: Blink
  5859 | D:7      | Reached skill level 1 in Translocations
  6200 | D:7      | Found a hide-covered altar of Uskayaw.
  6235 | D:7      | Reached skill level 5 in Spellcasting
  6251 | D:7      | Found a snail-covered altar of Cheibriados.
  6253 | D:7      | Found a bloodstained altar of Trog.
  6475 | D:8      | Learned a level 5 spell: Yara's Violent Unravelling
  6499 | D:8      | Reached skill level 1 in Hexes
  6651 | D:8      | Reached **** piety under Sif Muna
  6853 | D:8      | Reached XP level 10. HP: 47/49 MP: 18/20
  7005 | D:9      | Reached skill level 5 in Hexes
  7144 | D:9      | Found a staircase to the Lair.
  7777 | D:9      | Reached skill level 1 in Shields
  8087 | D:9      | Found a basalt altar of Yredelemnul.
  8117 | D:9      | Learned a level 5 spell: Irradiate
  8227 | D:9      | Reached XP level 11. HP: 50/54 MP: 19/25
  8524 | D:10     | Entered Level 10 of the Dungeon
  8531 | D:10     | Reached ***** piety under Sif Muna
  8666 | D:10     | Received a gift from Sif Muna
  8667 | D:10     | Got Sif Muna's Easy Theurgy {god gift}
  8744 | D:10     | Noticed Maurice
  8754 | D:10     | Killed Maurice
  8825 | D:10     | Reached skill level 5 in Shields
  8940 | D:10     | Learned a level 4 spell: Summon Lightning Spire
  9426 | D:11     | Noticed a two-headed ogre
  9456 | D:11     | Killed a two-headed ogre
  9523 | D:11     | Found a sacrificial altar of Ru.
  9619 | D:11     | Noticed a two-headed ogre
  9639 | D:11     | Killed a two-headed ogre
  9640 | D:11     | Reached skill level 1 in Summonings
  9640 | D:11     | Reached skill level 1 in Air Magic
  9828 | Lair:1   | Entered Level 1 of the Lair of Beasts
 10221 | Lair:1   | HP: 2/54 [cane toad (24)]
 10440 | Lair:1   | Reached XP level 12. HP: 58/58 MP: 26/26
 10454 | Lair:1   | Reached skill level 5 in Air Magic
 11185 | Lair:2   | Found a staircase to the Snake Pit.
 11544 | Lair:2   | Reached skill level 5 in Summonings
 11806 | Lair:2   | Reached skill level 5 in Fighting
 11965 | Lair:2   | Noticed an eight-headed hydra
 11977 | Lair:2   | Found a staircase to the Shoals.
 12005 | Lair:2   | Killed an eight-headed hydra
 12634 | Lair:2   | Reached skill level 1 in Evocations
 12708 | Lair:2   | Received a gift from Sif Muna
 12936 | Lair:3   | Reached skill level 5 in Evocations
 13038 | Lair:3   | Reached XP level 13. HP: 47/66 MP: 17/27
 14052 | Lair:4   | Reached skill level 10 in Spellcasting
 14064 | Lair:4   | Reached skill level 10 in Dodging
 14179 | Lair:4   | Noticed Sonja
 14189 | Lair:4   | Killed Sonja
 14664 | Lair:4   | Received a gift from Sif Muna
 15541 | Lair:5   | Entered Level 5 of the Lair of Beasts
 16042 | D:12     | Found a staircase to the Orcish Mines.
 16096 | D:12     | Found a gate leading to a gauntlet.
 16112 | Gauntlet | Entered a Gauntlet
 16112 | Gauntlet | Found a transporter.
 16112 | Gauntlet | Found a transporter.
 16244 | Gauntlet | Found a transporter.
 16244 | Gauntlet | Found a transporter.
 16255 | Gauntlet | Found a transporter.
 16262 | Gauntlet | Found a transporter.
 16268 | Gauntlet | Found a large runed translucent door.
 16269 | Gauntlet | Found a large runed translucent door.
 16270 | Gauntlet | Found a transporter.
 16270 | Gauntlet | Noticed a reaper
 16271 | Gauntlet | Found a runed translucent gate.
 16272 | Gauntlet | Found a transporter.
 16272 | Gauntlet | Found a transporter.
 16272 | Gauntlet | Found a runed translucent gate.
 16273 | Gauntlet | Found a runed translucent gate.
 16275 | Gauntlet | Found a large runed translucent door.
 16276 | Gauntlet | Found a large runed translucent door.
 16280 | Gauntlet | Found a large runed translucent door.
 16280 | Gauntlet | Found a large runed translucent door.
 16281 | Gauntlet | Found a large runed translucent door.
 16281 | Gauntlet | Found a large runed translucent door.
 16287 | Gauntlet | Found a large runed translucent door.
 16287 | Gauntlet | Found a large runed translucent door.
 16287 | Gauntlet | Found a runed translucent door.
 16287 | Gauntlet | Found a runed translucent door.
 16288 | Gauntlet | Found a large runed translucent door.
 16289 | Gauntlet | Found a large runed translucent door.
 16291 | Gauntlet | Found a transporter.
 16303 | Gauntlet | Found a transporter.
 16321 | Gauntlet | Found a transporter.
 16367 | Gauntlet | Found a transporter.
 16393 | Gauntlet | Found a transporter.
 16485 | Gauntlet | Found a transporter.
 16503 | Gauntlet | Found a transporter.
 16517 | Gauntlet | Found a large runed translucent door.
 16517 | Gauntlet | Found a large runed translucent door.
 16518 | Gauntlet | Found a large runed translucent door.
 16519 | Gauntlet | Found a large runed translucent door.
 16904 | Gauntlet | Noticed a minotaur
 16971 | D:12     | Received a gift from Sif Muna
 16972 | D:12     | Got Sif Muna's Parchment of Energy and Scree {god gift}
 17356 | D:12     | Reached XP level 14. HP: 74/74 MP: 31/31
 18390 | Orc:1    | Entered Level 1 of the Orcish Mines
 18390 | Orc:1    | Found Dytt's Book Boutique.
 18443 | Orc:1    | Found Gibip's Vocational Training.
 18740 | Orc:2    | Entered Level 2 of the Orcish Mines
 19031 | Orc:2    | Noticed an orc warlord
 19059 | Orc:2    | Killed an orc warlord
 19288 | Orc:2    | Received a gift from Sif Muna
 19292 | Orc:2    | Got Sif Muna's Guide on the Winter and Clouds {god gift}
 19437 | Orc:2    | Found a staircase to the Elven Halls.
 19737 | Orc:2    | Reached ****** piety under Sif Muna
 20171 | Orc:2    | Found Amuf's Antique Weapon Emporium.
 20180 | Orc:2    | Found Wevy's Antique Armour Shoppe.
 20193 | Orc:2    | Bought a steaming robe for 165 gold pieces
 20193 | Orc:2    | Identified the +0 robe of a treasure trove {rElec Str+8}
                  | (You bought it in a shop on level 2 of the Orcish Mines)
 20193 | Orc:2    | Bought an embroidered cloak for 217 gold pieces
 20271 | Orc:2    | Found Nupot's Assorted Antiques.
 20278 | Orc:2    | Bought a scroll of acquirement for 1352 gold pieces
 20278 | Orc:2    | Acquired 509 gold pieces
 20280 | Orc:2    | Bought a phantom mirror for 1040 gold pieces
 20463 | Orc:2    | Learned a level 5 spell: Freezing Cloud
 20561 | D:12     | Reached skill level 10 in Fighting
 20725 | Lair:5   | Reached skill level 1 in Conjurations
 20806 | Lair:5   | Reached skill level 1 in Ice Magic
 21249 | Lair:5   | Received a gift from Sif Muna
 21250 | Lair:5   | Got Sif Muna's Opusculum on the Vitriolic Fair Folk {god
                  | gift}
 21268 | Lair:5   | Reached XP level 15. HP: 49/80 MP: 3/34
 21320 | Lair:5   | Learned a level 5 spell: Summon Mana Viper
 21465 | Lair:5   | Found a staircase to the Slime Pits.
 21883 | Lair:5   | Identified the +2 broad axe "Missosoxzo" {flame, rPois
                  | Stlth+}
 22258 | Lair:5   | HP: 2/80 [smoke demon/divine providence (9)]
 23051 | Lair:5   | Found a corrupted altar of Lugonu.
 23051 | Lair:5   | Found a one-way gate to the infinite horrors of the Abyss.
 23145 | Lair:5   | Received a gift from Sif Muna
 23146 | Lair:5   | Got Sif Muna's Vellum of Distorted Command {god gift}
 25093 | D:13     | Learned a level 4 spell: Fulminant Prism
 25777 | D:13     | Found a gate to the Vaults.
 25864 | D:14     | Reached skill level 5 in Ice Magic
 26033 | D:14     | Reached skill level 5 in Conjurations
 26165 | D:14     | Noticed Lodul
 26173 | D:14     | Killed Lodul
 27273 | D:15     | Entered Level 15 of the Dungeon
 27478 | D:15     | Reached XP level 16. HP: 53/85 MP: 35/35
 27498 | D:15     | Reached skill level 10 in Alchemy
 27993 | D:15     | Found a staircase to the Depths.
 28846 | Snake:1  | Entered Level 1 of the Snake Pit
 28846 | Snake:1  | Found a shimmering altar of Xom.
 28969 | Snake:1  | Received a gift from Sif Muna
 28970 | Snake:1  | Got Sif Muna's Compendium of Sandy Maleficia {god gift}
 29645 | Snake:1  | Identified the +5 quarterstaff of Quick Death {freeze,
                  | SInv}
 29690 | Snake:1  | HP: 4/86 [shock serpent/bolt of electricity (7)]
 29690 | Snake:1  | Killed from afar by a shock serpent

Illustrated notes

Levels and vault maps discovered:
D:1:      dpeg_arrival_water_temple_mockup, layout_loops_ring,
          ebering_ecumenical_altar_mist
D:2:      layout_rooms, basic_altar
D:3:      layout_loops_cross, nicolae_vehumet_altar_sigil
D:4:      layout_loops_corners, minmay_temple_entry_offerings,
          ebering_ghost_inner_flame, uniq_duvessa, uniq_robin
D:5:      layout_basic, enter_ossuary_3, gammafunk_ghost_hive
D:6:      layout_basic, mainiacjoe_overflow_surrounded_room,
          portal_sewer_entry_e
D:7:      layout_basic, minitemple, grunt_temple_overflow_open
D:8:      layout_gridville, kennysheep_generic_room_16
D:9:      layout_gridville, nicolae_yredelemnul_corpse_copse,
          due_lair_maze_entry_diamond, minivault_5
D:10:     layout_rooms, special_room [special_room_bee], uniq_maurice
D:11:     layout_gridville, nicolae_ru_great_annihilating_truth
D:12:     layout_roguey, hiddenorc2_lemuel, gauntlet_entry_generic
D:13:     cheibrodos_statue_roulette, layout_basic, david_vaults_5,
          nicolae_benzene_ring, kennysheep_nondescript,
          minmay_beelzebubs_servants
D:14:     layout_irregular_city, uniq_lodul
D:15:     grunt_enter_depths_hoard, layout_basic, interstate_on_off
Lair:1:   layout_hall_layers
Lair:2:   layout_long_grid, elwin_shoals_entry_rocks,
          minmay_snake_entry_six_corridors, forest_entry_grove
Lair:3:   layout_gridlike, worms_lemuel
Lair:4:   layout_loops_ring, pdpol_lair_cavern_descent, uniq_sonja
Lair:5:   hellmonk_lair_end_abyssal_woods, layout_regular_city,
          nicolae_slime_entry_slimehenge
Snake:1:  cheibrodos_forgotten_conduit, layout_honeycomb, serial_shops,
          nicolae_shop_window_shopping, basic_altar, lemuel_fruit_tree
Orc:1:    layout_diamond_mine, serial_shops, nicolae_shop_statue_plus,
          nicolae_shop_vocational
Orc:2:    st_orc_town, layout_caves

Skill      XL: |  1  2  3  4  5  6  7  8  9 10 11 12 13 14 15 16 |
---------------+-------------------------------------------------+-----
Stealth        | 4 5 6 7 |  7.9
Alchemy        | 4 8 9 11 | 11.3
Spellcasting   | 3 6 9 12 14 | 14.0
Fire Magic     | 2 |  2.0
Dodging        | 5 6 7 9 12 14 | 14.3
Invocations    | 5 7 |  7.0
Fighting       | 2 3 4 6 8 10 | 10.6
Translocations | 2 |  2.0
Hexes          | 3 6 8 |  8.0
Shields        | 2 6 |  6.0
Summonings     | 4 6 |  6.0
Air Magic      | 4 6 8 |  8.0
Evocations     | 5 |  5.0
Conjurations   | 2 5 6 |  6.1
Ice Magic      | 2 5 |  5.0

Action                     |  1- 3 |  4- 6 |  7- 9 | 10-12 | 13-15 | 16-18 || total
---------------------------+-------+-------+-------+-------+-------+-------++-------
  Melee: Long sword        |    13 |     8 |    80 |   137 |   300 |    43 ||   581
         Punch             |       |       |     1 |       |       |       ||     1
   Cast: Sting             |    80 |    79 |    22 |     3 |    20 |     1 ||   205
         Mephitic Cloud    |       |     1 |    10 |     8 |    18 |       ||    37
         Sticky Flame      |       |       |    17 |    48 |    77 |       ||   142
         Olgreb's Toxic Ra |       |       |    55 |   103 |   299 |     9 ||   466
         Summon Lightning  |       |       |       |    18 |   120 |    20 ||   158
         Yara's Violent Un |       |       |       |     2 |       |       ||     2
         Fulminant Prism   |       |       |       |       |    30 |    27 ||    57
         Freezing Cloud    |       |       |       |       |     9 |    32 ||    41
         Summon Mana Viper |       |       |       |       |     8 |     6 ||    14
  Evoke: Wand              |       |       |     2 |     2 |     3 |       ||     7
         Sack of spiders   |       |       |       |     1 |     1 |       ||     2
         Lightning rod     |       |       |       |       |     5 |       ||     5
         Tin of tremorston |       |       |       |       |     2 |       ||     2
    Use: Scroll            |     1 |     6 |     5 |    12 |    12 |     2 ||    38
         Potion            |       |       |       |     1 |     5 |     3 ||     9
   Stab: Sleeping          |       |       |     7 |       |       |       ||     7
         Distracted        |       |       |       |     1 |     7 |     1 ||     9
         Confused          |       |       |       |       |     3 |       ||     3
 Armour: Robe              |     3 |    11 |    39 |   114 |   290 |    57 ||   514
  Dodge: Dodged            |    20 |    20 |   102 |   198 |   617 |    90 ||  1047
  Block: Buckler           |       |       |       |    77 |   184 |    34 ||   295

Table legend: (Time is in decaauts)
 A = Elapsed time spent in this place.
 B = Non-inter-level travel time spent in this place.
 C = Inter-level travel time spent in this place.
 D = Time resting spent in this place.
 E = Time spent auto-exploring this place.
 F = Levels seen in this place.
 G = Mean time per level.
                   A        B        C        D        E       F      G
               +--------+--------+--------+--------+--------+-----+--------+
         Total |  23185 |  22007 |   1178 |   3143 |  13209 |  26 |  891.7 |
       Dungeon |  12580 |  11940 |    640 |   1097 |   7872 |  15 |  838.7 |
          Lair |   6955 |   6623 |    332 |   1538 |   3483 |   5 | 1391.0 |
     Snake Pit |    655 |    655 |      0 |    125 |    309 |   1 |  655.0 |
  Orcish Mines |   1944 |   1740 |    204 |    138 |   1041 |   2 |  972.0 |
         Sewer |     89 |     89 |      0 |      0 |     53 |   1 |   89.0 |
       Ossuary |    320 |    320 |      0 |     41 |    157 |   1 |  320.0 |
      Gauntlet |    639 |    639 |      0 |    203 |    292 |   1 |  639.0 |
               +--------+--------+--------+--------+--------+-----+--------+

Top non-repeatable levels by time:
  Lair:5: 2203 daAuts
    D:13: 1909 daAuts
  Lair:4: 1548 daAuts
   Orc:2: 1468 daAuts
    D:12: 1448 daAuts
     D:9: 1380 daAuts
  Lair:1: 1358 daAuts
    D:15: 1142 daAuts
  Lair:2: 1114 daAuts
    D:14: 955 daAuts
     D:1: 902 daAuts
     D:4: 835 daAuts
    D:10: 768 daAuts
  Lair:3: 730 daAuts
 Snake:1: 655 daAuts
